 Dungeon Crawl Stone Soup version 0.25.1-9-gc5326a611f (webtiles) character file.

Game seed: 8442545760566297033

13161 pokeman the Eclecticist (level 11, -2/61 HPs)
             Began as a Deep Elf Wizard on Dec 27, 2020.
             Was a Priest of Vehumet.
             Slain by a two-headed ogre
             ... wielding a +0 dire flail
              (19 damage)
             ... on level 12 of the Dungeon.
             The game lasted 00:38:15 (14112 turns).

pokeman the Eclecticist (Deep Elf Wizard)          Turns: 14112, Time: 00:38:16

Health: -2/61      AC: 10    Str:  4    XL:     11   Next: 71%
Magic:  14/41      EV: 12    Int: 27    God:    Vehumet [***...]
Gold:   607        SH:  5    Dex: 13    Spells: 26/40 levels left

rFire    . . .     SeeInvis .   s - +4 trident (venom)
rCold    + . .     Gourm    .   M - +0 buckler
rNeg     . . .     Faith    +   K - +3 leather armour {rC+}
rPois    +         Spirit   .   b - +0 hat
rElec    .         Reflect  .   (no cloak)
rCorr    .         Harm     .   B - +0 pair of gloves
MR       +....                  F - +2 pair of boots
Stlth    ++........             R - amulet of faith
HPRegen  0.20/turn              h - ring of magical power
MPRegen  0.27/turn              V - ring of poison resistance

@: very slightly contaminated
A: no striking features
a: Renounce Religion


You were on level 12 of the Dungeon.
You worshipped Vehumet.
Vehumet was most pleased with you.
You were near starving.

You visited 2 branches of the dungeon, and saw 13 of its levels.
You visited 1 bazaar.

You collected 667 gold pieces.
You spent 60 gold pieces at shops.

Inventory:

Hand Weapons
 s - a +4 trident of venom (weapon)
 I - a +0 shortbow
Missiles
 l - 283 arrows
 z - 111 bolts
 X - 7 curare-tipped darts (quivered)
Armour
 b - a +0 hat (worn)
 i - the +5 tower shield of Minor Irritation {rN+ SInv, unknown}
   (You found it on level 9 of the Dungeon)

   It protects you from negative energy.
   It lets you see invisible.
 n - a +1 tower shield of reflection
 B - a +0 pair of gloves (worn)
 F - a +2 pair of boots (worn)
 K - a +3 leather armour of cold resistance (worn)
 M - a +0 buckler (worn)
Jewellery
 h - a ring of magical power (left hand)
 r - an uncursed ring of flight {unknown}
 x - an uncursed amulet of regeneration {unknown}
 y - a cursed ring of attention {unknown}
 J - an uncursed ring of wizardry
 R - an amulet of faith (around neck)
 V - a ring of poison resistance (right hand)
Wands
 o - a wand of iceblast (12)
 u - a wand of digging (13)
 P - a wand of acid (15)
Scrolls
 a - 4 scrolls of remove curse
 c - a scroll of amnesia
 e - 5 scrolls of fog
 f - 3 scrolls of teleportation
 j - 2 scrolls of magic mapping
 m - 4 scrolls of enchant weapon
 v - 2 scrolls of fear {unknown}
 w - 2 scrolls of blinking {unknown}
 T - a scroll of immolation
Potions
 g - a potion of brilliance
 k - 2 potions of magic
 p - 6 potions of curing
 q - a potion of heal wounds
 t - 2 potions of ambrosia
 N - 2 potions of haste
Comestibles
 d - 33 rations


   Skills:
 - Level 4.0 Fighting
 - Level 3.0 Armour
 - Level 3.0 Dodging
 - Level 3.0 Stealth
 + Level 4.6 Shields
 * Level 15.4 Spellcasting
 + Level 9.3 Conjurations
 - Level 1.1 Summonings
 - Level 1.1 Translocations
 + Level 8.2 Fire Magic
 - Level 1.1 Air Magic
 - Level 1.2 Poison Magic
 - Level 2.1 Evocations


You had 26 spell levels left.
You knew the following spells:

 Your Spells              Type           Power        Failure   Level  Hunger
a - Magic Dart            Conj           ####         1%          1    None
b - Mephitic Cloud        Conj/Pois/Air  #####...     1%          3    None
c - Call Imp              Summ           ####....     4%          2    None
d - Blink                 Tloc           N/A          4%          2    None
e - Conjure Flame         Conj/Fire      ######..     1%          3    None
f - Foxfire               Conj/Fire      ####         1%          1    None
g - Apportation           Tloc           ####..       2%          1    None
h - Summon Butterflies    Summ           ####....     2%          1    None

Your spell library contained the following spells:

 Spells                   Type           Power        Failure   Level  Hunger
 Frozen Ramparts          Ice            ###...       3%          3    None
 Dazzling Flash           Conj/Hex       #####.       1%          3    None
 Summon Small Mammal      Summ           ####         2%          1    None
 Corona                   Hex            ###....      4%          1    None
 Ensorcelled Hibernation  Hex/Ice        ###...       6%          2    None
 Slow                     Hex            ###.....     6%          2    None
 Call Canine Familiar     Summ           ####....     9%          3    None
 Lesser Beckoning         Tloc           ####......   9%          3    None
 Summon Guardian Golem    Hex/Summ       ###.....     11%         3    None
 Confusing Touch          Hex            ###.....     13%         3    None
 Tukima's Dance           Hex            ###.....     13%         3    None
 Summon Lightning Spire   Summ/Air       ####....     26%         4    None
 Summon Ice Beast         Ice/Summ       ###.....     34%         4    None
 Alistair's Intoxication  Tmut/Pois      ###.....     67%         5    None
 Invisibility             Hex            ###.....     100%        6    ####...


Dungeon Overview and Level Annotations

Branches:
Dungeon (12/15)            Temple (1/1) D:4            Lair (0/6) D:8
    Orc (0/2) D:9

Altars:
Ashenzari
Cheibriados
Dithmenos
Elyvilon
Fedhas
Gozag
Hepliaklqana
Kikubaaqudgha
Makhleb
Nemelex Xobeh
Okawaru
Qazlal
Ru
Sif Muna
Trog
Uskayaw
Vehumet
Wu Jian
Xom
Yredelemnul
Zin
The Shining One

Shops:
D:5 (

Annotations:
D:11 2 runed translucent doors, dylex's ghost, journeyman DDNe


Message History

Unknown command.
Unknown command.
Casting: Call Imp (safe; 4% risk of failure)
Confirm with . or Enter, or press ? or * to list all spells.
A beastly little devil appears in a puff of flame.
The two-headed ogre is engulfed in blazing flames.
The two-headed ogre hits you with a +0 dire flail!
The two-headed ogre closely misses you.
Your crimson imp completely misses the two-headed ogre.
Unknown command.
Attack whom?
Press: ? - help, Dir - move target cursor, f/p - two-headed ogre
Aim: a two-headed ogre, wielding a +0 dire flail and a +0 giant club (flame, heavily wounded)
You hit the two-headed ogre.
The two-headed ogre is poisoned.
The two-headed ogre is severely wounded.
The two-headed ogre is engulfed in blazing flames.
The two-headed ogre hits you with a +0 dire flail!
* * * LOW HITPOINT WARNING * * *
The two-headed ogre hits you with a +0 giant club!!
You die...

. .. ... # ...J
####.#### .....
#.....5.#
.Ju...####(##
#.##.##.# ##
#.<.C..# # #@# .!
#.###..# #O# .# #.
# # #5# .# ?.
#.##.##J# .# ...
#.[....☼###.##.$..
####..○.g)OO......
#########......
..... .#.#


You could see a slime creature, a two-headed ogre (very poisoned), a boggart and
2 friendly crimson imps.

Vanquished Creatures
  6 two-headed ogres
  An ogre mage (D:12)
  Pikel (D:5)
  A cyclops (D:12)
  A centaur zombie (D:11)
  4 hippogriffs
  A spriggan (D:7)
  Sigmund (D:2)
  3 yaks (D:10)
  4 hungry ghosts
  2 steam dragons (D:6)
  Edmund (D:5)
  2 soldier ants (D:11)
  An acid dragon (D:11)
  4 ice beasts
  2 orc warriors
  2 black bears
  4 phantoms
  A sky beast (D:5)
  9 ogres
  3 boggarts (D:12)
  5 centaurs
  A crocodile (D:8)
  2 big kobolds
  4 bullfrogs
  7 scorpions
  6 killer bees
  5 howler monkeys
  5 crimson imps
  7 hounds
  A jelly (D:10)
  A bullfrog skeleton (D:4)
  2 centaur skeletons
  2 quasits
  6 orc priests
  8 orc wizards
  Jessica (D:2)
  Ijyb (D:5)
  Terence (D:2)
  9 worker ants
  2 killer bee zombies
  2 hound zombies
  A hound skeleton (D:6)
  A worker ant zombie (D:8)
  11 adders
  2 shadow imps
  An adder skeleton (D:6)
  4 worms
  2 dart slugs (D:1)
  7 leopard geckos
  36 orcs
  8 bats
  17 giant cockroaches
  11 hobgoblins
  15 jackals
  3 quokkas
  A ball python (D:2)
  6 frilled lizards
  6 goblins
  16 kobolds
  A leopard gecko skeleton (D:5)
  A leopard gecko zombie (D:8)
  A quokka skeleton (D:5)
  2 rats
285 creatures vanquished.

Vanquished Creatures (collateral kills)
  A jackal (D:8)
1 creature vanquished.

Vanquished Creatures (others)
  3 slaves (D:5)
  A centaur zombie (D:5)
  A hound (D:6)
  A worker ant (D:5)
  136 foxfires
142 creatures vanquished.

Grand Total: 428 creatures vanquished

Notes
Turn   | Place    | Note
-------+----------+-------------------------------------------
     0 | D:1      | pokeman the Deep Elf Wizard began the quest for the Orb.
     0 | D:1      | Reached XP level 1. HP: 10/10 MP: 7/7
   203 | D:1      | Reached XP level 2. HP: 16/16 MP: 9/9
   636 | D:1      | Reached skill level 5 in Spellcasting
   915 | D:2      | Reached XP level 3. HP: 20/20 MP: 11/11
   938 | D:2      | Learned a level 3 spell: Mephitic Cloud
   941 | D:2      | Learned a level 2 spell: Call Imp
   944 | D:2      | Learned a level 2 spell: Blink
   948 | D:2      | Learned a level 3 spell: Conjure Flame
  1160 | D:2      | Reached skill level 1 in Armour
  1164 | D:2      | Reached skill level 1 in Fighting
  1340 | D:2      | Noticed Terence
  1360 | D:2      | Killed Terence
  1360 | D:2      | Reached XP level 4. HP: 11/25 MP: 2/13
  1600 | D:2      | Noticed Sigmund
  1641 | D:2      | HP: 1/25 [something (7)]
  2093 | D:2      | Noticed Jessica
  2096 | D:2      | Killed Jessica
  2113 | D:2      | Found an ornate altar of the Wu Jian Council.
  2113 | D:2      | Found a hazy altar of Hepliaklqana.
  2114 | D:2      | Found an iron altar of Okawaru.
  2119 | D:2      | Found a blossoming altar of Fedhas.
  2448 | D:2      | Killed Sigmund
  2448 | D:2      | Reached skill level 6 in Spellcasting
  2448 | D:2      | Reached XP level 5. HP: 9/30 MP: 6/16
  2448 | D:2      | Reached XP level 6. HP: 11/35 MP: 6/17
  3206 | D:3      | Reached skill level 7 in Spellcasting
  3745 | D:4      | Reached skill level 1 in Fire Magic
  4097 | D:4      | Reached XP level 7. HP: 40/40 MP: 20/20
  4348 | D:4      | Found a staircase to the Ecumenical Temple.
  4361 | Temple   | Entered the Ecumenical Temple
  4755 | D:5      | Entered Level 5 of the Dungeon
  4792 | D:5      | Reached skill level 1 in Air Magic
  4964 | D:5      | Reached skill level 8 in Spellcasting
  4964 | D:5      | Reached skill level 1 in Poison Magic
  5154 | D:5      | Noticed Edmund
  5169 | D:5      | Killed Edmund
  5169 | D:5      | Reached skill level 1 in Evocations
  5253 | D:5      | Found Cuuneg's Weapon Emporium.
  5296 | D:5      | Noticed a hippogriff
  5308 | D:5      | Killed a hippogriff
  5308 | D:5      | Reached skill level 9 in Spellcasting
  5308 | D:5      | Reached XP level 8. HP: 33/45 MP: 23/23
  5568 | D:5      | Noticed a two-headed ogre
  5589 | D:5      | Killed a two-headed ogre
  5589 | D:5      | Reached skill level 10 in Spellcasting
  5589 | D:5      | Reached skill level 5 in Conjurations
  5627 | D:5      | Noticed Pikel
  5640 | D:5      | Killed Pikel
  5640 | D:5      | Reached XP level 9. HP: 30/52 MP: 25/25
  5771 | D:5      | Reached skill level 11 in Spellcasting
  6089 | D:5      | Found a stormy altar of Qazlal.
  6089 | D:5      | Noticed Ijyb
  6099 | D:5      | Killed Ijyb
  6513 | D:6      | Found a shimmering altar of Xom.
  7135 | D:6      | Reached skill level 12 in Spellcasting
  7135 | D:6      | Reached skill level 5 in Fire Magic
  7338 | D:6      | Found an ancient bone altar of Kikubaaqudgha.
  7497 | D:6      | Found a stormy altar of Qazlal.
  8259 | D:7      | Found a hide-covered altar of Uskayaw.
  8469 | D:7      | Reached XP level 10. HP: 56/56 MP: 28/28
  8777 | D:7      | Reached skill level 1 in Shields
  9245 | D:8      | Found a white marble altar of Elyvilon.
  9505 | D:8      | Noticed a two-headed ogre
  9528 | D:8      | Killed a two-headed ogre
  9528 | D:8      | Reached skill level 13 in Spellcasting
 10100 | D:8      | Found a shadowy altar of Dithmenos.
 10351 | D:8      | Found a radiant altar of Vehumet.
 10360 | D:8      | Became a worshipper of Vehumet
 10495 | D:8      | Found a burning altar of Makhleb.
 10497 | D:8      | Found a glowing silver altar of Zin.
 10497 | D:8      | Noticed an angel
 10498 | D:8      | Noticed a cacodemon
 10517 | D:8      | Found a staircase to the Lair.
 10590 | D:8      | Found a sparkling altar of Nemelex Xobeh.
 11153 | D:9      | Got a spiked tower shield
 11209 | D:9      | Found a snail-covered altar of Cheibriados.
 11413 | D:9      | Reached * piety under Vehumet
 11413 | D:9      | Offered knowledge of Foxfire by Vehumet.
 11499 | D:9      | Found a staircase to the Orcish Mines.
 11834 | D:9      | Learned a level 1 spell: Foxfire
 11840 | D:10     | Entered Level 10 of the Dungeon
 12085 | D:10     | Learned a level 1 spell: Apportation
 12087 | D:10     | Learned a level 1 spell: Summon Butterflies
 12176 | D:10     | Reached skill level 14 in Spellcasting
 12342 | D:10     | Reached XP level 11. HP: 61/61 MP: 29/31
 12346 | D:10     | Reached ** piety under Vehumet
 12346 | D:10     | Offered knowledge of Searing Ray by Vehumet.
 12733 | D:11     | Found a flickering gateway to a bazaar.
 12739 | Bazaar   | Entered a bazaar
 12762 | Bazaar   | Found Uschacw's Distillery.
 12762 | Bazaar   | Found Eggawk's Weapon Shoppe.
 12798 | Bazaar   | Found Osin's Antique Weapon Emporium.
 12798 | Bazaar   | Found Woaraqud's Book Emporium.
 12838 | Bazaar   | Bought a potion of heal wounds for 60 gold pieces
 13170 | D:11     | Found a large runed translucent door.
 13171 | D:11     | Found a large runed translucent door.
 13171 | D:11     | Noticed dylex's ghost (journeyman DDNe)
 13212 | D:11     | Noticed a two-headed ogre
 13229 | D:11     | Killed a two-headed ogre
 13939 | D:12     | Noticed a brown ugly thing
 14065 | D:12     | Noticed a two-headed ogre
 14066 | D:12     | Noticed a two-headed ogre
 14069 | D:12     | Noticed an ogre mage
 14076 | D:12     | Killed a two-headed ogre
 14076 | D:12     | Offered knowledge of Frozen Ramparts by Vehumet.
 14077 | D:12     | Noticed a two-headed ogre
 14077 | D:12     | Killed a two-headed ogre
 14077 | D:12     | Reached skill level 15 in Spellcasting
 14078 | D:12     | Noticed a two-headed ogre
 14084 | D:12     | Killed an ogre mage
 14087 | D:12     | Killed a two-headed ogre
 14100 | D:12     | Reached *** piety under Vehumet
 14112 | D:12     | Slain by a two-headed ogre

Illustrated notes

Levels and vault maps discovered:
D:1:      grunt_arrival_lava_bath, layout_basic
D:2:      minmay_roachtagon, layout_loops_ring, minitemple, uniq_jessica,
          uniq_terence, uniq_sigmund
D:3:      layout_rooms
D:4:      layout_rooms, temple_hall, first_ration, serial_rivers,
          chequers_serial_rivers_micro_c, chequers_serial_rivers_large_a,
          chequers_serial_rivers_large_b, chequers_serial_rivers_micro_b,
          chequers_serial_rivers_micro_e
D:5:      layout_basic, lemuel_round_altar, serial_shops, shop, uniq_ijyb,
          uniq_edmund, uniq_pikel
D:6:      cheibrodos_steamvent, layout_loops_corners, kiku_gazebo_pond_becter,
          xom_confusion_cloud, nicolae_qazlal_style_of_elements
D:7:      layout_loops_corners, eat_drink_and_be_merry_uskayaw, the_bakery
D:8:      layout_rooms, grunt_temple_overflow_order_and_chaos_2,
          overflow_temple_1_default, vehumet_altar_wand_db,
          kennysheep_little_box, lair_entry_dummy, nemelex_diamond_rough_becter
D:9:      layout_loops_ring, orc_0_dummy, cheibrodos_worm_habitat
D:10:     layout_irregular_city
D:11:     layout_basic, ebering_ghost_disaster_area, serial_shops,
          bzr_entry_dummy
D:12:     layout_loops_cross, special_room [special_room_orc], minivault_16,
          hangedman_glass_teeth, chequers_decorated_corner, minmay_crystal_box,
          uniq_nessos
Temple:   compressed_dpeg_triangle_lava_temple

Skill      XL: |  1  2  3  4  5  6  7  8  9 10 11 |
---------------+----------------------------------+-----
Spellcasting   | 5 6 7 9 10 12 14 15 | 15.4
Armour         | 1 2 3 |  3.0
Conjurations   | 2 3 4 5 7 8 9 |  9.3
Fighting       | 1 2 3 4 |  4.0
Dodging        | 3 |  3.0
Fire Magic     | 1 3 5 7 8 |  8.2
Stealth        | 3 |  3.0
Air Magic      | 1 |  1.1
Poison Magic   | 1 |  1.2
Evocations     | 2 |  2.1
Shields        | 3 4 |  4.6
Summonings     | |  1.1
Translocations | |  1.1

Action                   |  1- 3 |  4- 6 |  7- 9 | 10-12 || total
-------------------------+-------+-------+-------+-------++-------
Melee: Unarmed           |     1 |       |       |       ||     1
       Trident           |       |    21 |    84 |   145 ||   250
 Cast: Magic Dart        |   113 |   105 |   230 |   249 ||   697
       Conjure Flame     |     1 |     6 |    10 |    20 ||    37
       Mephitic Cloud    |     1 |     7 |    18 |    35 ||    61
       Blink             |       |     1 |     2 |     4 ||     7
       Call Imp          |       |       |     4 |     7 ||    11
       Foxfire           |       |       |       |    76 ||    76
  Use: Scroll            |       |       |       |    17 ||    17
 Stab: Confused          |       |     1 |     8 |    16 ||    25
  Eat: Chunk             |     1 |     9 |    12 |    17 ||    39
Armor: Leather armour    |     8 |     4 |    25 |    45 ||    82
Dodge: Dodged            |    17 |    12 |    61 |    90 ||   180
Block: Other             |       |     5 |    25 |    10 ||    40
       Reflection        |       |     1 |     2 |     1 ||     4
       Buckler           |       |       |       |    10 ||    10
